 Dungeon Crawl Stone Soup version 0.28-a0-643-g84cb2ea78e (webtiles) character file.

Game seed: 14457613121400370031

134478 jasper the Destroyer (level 16, -16/122 HPs)
             Began as a Demonspawn Venom Mage on Oct 10, 2021.
             Was a High Priest of Vehumet.
             Killed from afar by Nikola (103 damage)
             ... with an arc of chain lightning
             ... on level 3 of the Shoals.
             The game lasted 02:13:30 (36875 turns).

jasper the Destroyer (Demonspawn Venom Mage)       Turns: 36875, Time: 02:13:31

Health: -16/122    AC: 12    Str:  9    XL:     16   Next: 62%
Magic:  6/27       EV: 14    Int: 35    God:    Vehumet [*****.]
Gold:   1208       SH: 11    Dex: 13    Spells: 10/35 levels left

rFire   + + .      SeeInvis +   k - staff of conjuration
rCold   . . .      Faith    .   l - +0 kite shield {reflect}
rNeg    . . .      Spirit   .   X - +0 steam dragon scales "Xiron" {*Slow Regen+ Int+5 Slay+5}
rPois   +          Reflect  +   L - +2 hat
rElec   .          Harm     .   S - scarf {rC+ rF+}
rCorr   +          Rampage  .   a - +1 pair of gloves of Beyond {rPois rCorr SInv}
Will    +....      Rage     1%  W - +2 pair of boots
Stlth   +.........              Y - amulet of magic regeneration
HPRegen 2.30/turn               e - +6 ring of intelligence
MPRegen 0.45/turn               M - ring of fire

@: very slow
A: powered by death 2, spiny 3, sanguine armour 3, demonic touch 1, beak,
berserk 1, low mp 1, regeneration 1
a: Renounce Religion


You were on level 3 of the Shoals.
You worshipped Vehumet.
Vehumet was extremely pleased with you.
You visited 6 branches of the dungeon, and saw 28 of its levels.
You also visited: Ice Cave.

You collected 2586 gold pieces.
You spent 1378 gold pieces at shops.

Inventory:

Missiles
 p - a throwing net
 q - 25 boomerangs
Armour
 a - the +1 pair of gloves of Beyond (worn) {rPois rCorr SInv}
   (You bought it in a shop on level 2 of the Orcish Mines)

   rPois:     It protects you from poison.
   SInv:      It lets you see invisible.
   rCorr:     It protects you from acid and corrosion.
 l - a +0 kite shield of reflection (worn)
 A - a +0 buckler
 J - a +2 robe of cold resistance
 L - a +2 hat (worn)
 S - a scarf of resistance (worn)
 W - a +2 pair of boots (worn)
 X - the +0 steam dragon scales "Xiron" (worn) {*Slow Regen+ Int+5 Slay+5}
   (You found it on level 3 of the Shoals)

   Int:       It affects your intelligence (+5).
   Slay:      It affects your accuracy & damage with ranged weapons and melee
   (+5).
   Regen:     It increases your rate of health regeneration.
   *Slow:     It may slow you when you take damage.
Magical Staves
 k - a staff of conjuration (weapon)
Jewellery
 c - an amulet of faith
 e - a +6 ring of intelligence (left hand)
 n - a ring of protection from cold
 t - an amulet of reflection
 y - an amulet of regeneration
 G - a ring of flight
 I - a ring of resist corrosion
 M - a ring of fire (right hand)
 R - the ring "Casyat" {rPois rC- Str+4 SInv}
   (You found it on level 14 of the Dungeon)

   [ring of poison resistance]

   Str:       It affects your strength (+4).
   rC:        It makes you vulnerable to cold.
   rPois:     It protects you from poison.
   SInv:      It lets you see invisible.
 Y - an amulet of magic regeneration (around neck)
Wands
 b - a wand of mindburst (17)
 u - a wand of iceblast (29)
 O - a wand of flame (12)
 P - a wand of acid (22)
 Q - a wand of digging (16)
Scrolls
 d - 3 scrolls of magic mapping
 r - 6 scrolls of enchant armour
 v - 2 scrolls of blinking
 w - 3 scrolls of immolation
 x - a scroll of summoning
 z - 8 scrolls of teleportation
 C - 7 scrolls of fear
 D - a scroll of amnesia
 F - a scroll of identify
 V - 3 scrolls of vulnerability
Potions
 f - 14 potions of curing
 g - 5 potions of might
 i - 3 potions of flight
 j - a potion of magic
 m - 5 potions of ambrosia
 o - 4 potions of brilliance
 s - 2 potions of invisibility
 B - a potion of attraction
 E - 2 potions of degeneration {unknown}
 H - 5 potions of haste
 K - a potion of resistance {unknown}
 N - 5 potions of heal wounds {unknown}
 T - 3 potions of lignification
 Z - 2 potions of cancellation {unknown}
Miscellaneous
 U - a condenser vane


   Skills:
 - Level 10.0 Fighting
 - Level 4.8 Staves
 - Level 9.1 Dodging
 - Level 1.7 Stealth
 + Level 9.1 Shields
 - Level 10.2 Spellcasting
 - Level 14.0 Conjurations
 - Level 7.1 Necromancy
 - Level 0.8 Transmutations
 - Level 12.6 Fire Magic
 - Level 2.0 Air Magic
 - Level 5.0 Earth Magic
 - Level 8.0 Poison Magic
 - Level 4.8 Evocations


You had 10 spell levels left.
You knew the following spells:

 Your Spells              Type           Power      Damage    Failure   Level
a - Starburst             Conj/Fire      64%        6d17      1%          6
b - Mephitic Cloud        Conj/Pois/Air  84%        N/A       1%          3
c - Olgreb's Toxic Radia  Pois           65%        N/A       1%          4
d - Animate Skeleton      Necr           100%       N/A       1%          1
e - Orb of Destruction    Conj           54%        9d16      4%          7
f - Dispel Undead         Necr           61%        3d21      2%          4

Your spell library contained the following spells:

 Spells                   Type           Power      Damage    Failure   Level
 Freezing Cloud           Conj/Ice/Air   35%        6-21      4%          5
 Pain                     Necr           100%       1d9       1%          1
 Sting                    Tmut/Pois      100%       1d8       1%          1
 Corpse Rot               Necr/Air       N/A        N/A       1%          2
 Poisonous Vapours        Pois/Air       100%       N/A       1%          2
 Static Discharge         Conj/Air       84%        N/A       1%          2
 Conjure Flame            Conj/Fire      100%       6-21      1%          3
 Dazzling Flash           Conj/Hex       100%       N/A       1%          3
 Ignite Poison            Fire/Tmut/Pois 80%        N/A       1%          3
 Vampiric Draining        Necr           30%        2d10      1%          3
 Iskenderun's Mystic Bla  Conj/Tloc      79%        2d16      1%          4
 Sticky Flame             Conj/Fire      100%       2d11      1%          4
 Iskenderun's Battlesphe  Conj           100%       2d15      1%          5
 Lightning Bolt           Conj/Air       42%        1d61      1%          5
 Spider Form              Tmut/Pois      24%        N/A       2%          3
 Beastly Appendage        Tmut           46%        N/A       3%          1
 Iron Shot                Conj/Erth      45%        9d9       4%          6
 Wereblood                Tmut           23%        N/A       5%          2
 Conjure Ball Lightning   Conj/Air       42%        3x3d15    9%          6
 Animate Armour           Summ/Erth      70%        N/A       19%         4
 Death Channel            Necr           30%        N/A       38%         6
 Spellforged Servitor     Conj/Summ      39%        N/A       50%         7
 Blade Hands              Tmut           11%        N/A       69%         5
 Discord                  Hex            8%         N/A       100%        8
 Disjunction              Tloc           8%         N/A       100%        8
 Maxwell's Capacitive Co  Air            16%        ∞         100%        8


Dungeon Overview and Level Annotations

Branches:
Dungeon (15/15)            Temple (1/1) D:5            Lair (6/6) D:9
 Shoals (3/4) Lair:4        Snake (0/4) Lair:2        Slime (1/5) Lair:5
    Orc (2/2) D:10            Elf (0/3) Orc:2        Vaults (0/5) D:14
 Depths (0/4) D:15          IceCv (visited)

Altars:
Ashenzari
Cheibriados
Dithmenos
Elyvilon
Fedhas
Gozag
Hepliaklqana
Kikubaaqudgha
Makhleb
Nemelex Xobeh
Okawaru
Qazlal
Ru
Sif Muna
Trog
Uskayaw
Vehumet
Wu Jian
Xom
Yredelemnul
Zin
The Shining One
Beogh
Jiyva

Shops:
D:10 [(   D:13 [   D:14 (   Orc:2 [[((   Shoals:1 =   Shoals:3 !?

Annotations:
Lair:4 Rupert
Shoals:3 1 runed translucent door, Glennnyy's ghost, adept GrFi; Nikola


Innate Abilities, Weirdness & Mutations

You regenerate health from kills.
You are completely covered in sharp spines.
When seriously injured, your bleeding wounds create very thick armour. (AC +0)
Your touch may inflict minor irresistible damage on your foes.
You have a beak for a mouth.
You tend to lose your temper in combat.
Your magical capacity is low. (-10% MP)
Your natural rate of healing is unusually fast.


Message History

Nikola casts a spell.
Nikola blinks!
You now have 8/27 mp.
Your orb of destruction hits a rock wall.
Casting: Orb of Destruction (dangerous; 4% risk of failure)
Confirm with . or Enter, or press ? or * to list all spells.
Casting: Starburst (mildly dangerous; 1% risk of failure)
Press: ? - help, Dir - look around, f - activate You feel a strong surge of power!
The bolt of fire hits Nikola!!!
Nikola is severely wounded.
Nikola is engulfed in a cloud of scalding steam.
Nikola hits you with a +2 rapier of electrocution!
You take 10 damage, and have 112/122 hp.
You now have 4/27 mp.
Your unstable footing causes you to fumble your attack.
Nikola is engulfed in a cloud of scalding steam.
Nikola is struck by your spines.
Nikola hits you with a +2 rapier of electrocution!
You take 7 damage, and have 105/122 hp.
You barely miss Nikola.
Nikola is severely wounded.
Nikola is engulfed in a cloud of scalding steam.
Nikola gestures at you while chanting. The bolt of lightning hits you!!
You take 23 damage, and have 82/122 hp.
Casting: Starburst (mildly dangerous; 1% risk of failure)
Confirm with . or Enter, or press ? or * to list all spells.
You don't have enough magic to cast this spell.
You barely miss Nikola.
Nikola is almost dead.
Nikola is engulfed in a cloud of scalding steam.
Nikola is struck by your spines. Nikola misses you.
You regained 2 hp, and now have 84/122 hp.
Your unstable footing causes you to fumble your attack.
Nikola says, "There's a spark of magic in your eyes."
Nikola barely misses you.
Nikola casts a spell.
Lightning arcs from Nikola's hands!
The bolt of lightning hits you!!!!
Ouch! That really hurt!
You die...

≈≈≈≈≈≈≈≈≈≈≈.##..PPP≈≈≈≈
≈≈≈≈≈≈≈≈≈≈.####.≈≈≈P≈≈P
≈≈≈≈≈≈≈≈≈≈.=###.≈≈PP≈≈P
≈≈≈≈≈≈≈≈≈≈≈≈.^[≈≈P≈...P
≈≈≈≈≈≈≈≈≈≈≈≈§.......###
≈≈≈≈≈≈≈≈≈≈≈≈≈§≈.#####
≈≈≈≈≈≈≈≈≈≈≈≈≈≈≈)# ### ≈
≈≈≈≈≈≈≈≈≈≈≈≈≈≈≈.###.## #..
≈
≈≈≈≈≈≈≈≈≈≈≈≈§@@...####..≈≈
≈
≈≈≈≈≈≈≈≈≈≈≈§§≈≈≈≈......≈≈
≈≈
≈≈≈≈≈≈≈≈≈≈≈≈§≈≈≈≈.....≈≈≈
≈≈≈≈ ≈≈≈≈≈≈≈≈≈≈≈≈≈.###..≈≈
≈≈≈≈≈ ≈≈≈≈≈≈≈≈≈≈≈≈..# [≈≈
≈≈≈≈≈ ≈≈≈≈≈≈≈≈≈≈≈≈≈.†. ≈
≈≈≈≈≈ ≈≈≈≈≈≈≈≈≈≈≈≈≈...≈≈
≈≈≈≈≈ ≈≈≈≈≈≈≈≈≈≈≈≈....≈≈≈≈
≈≈≈≈≈ ≈≈≈≈≈≈≈≈≈≈≈≈≈≈$≈≈


You could see Nikola.

Vanquished Creatures
  Jorgrun (Orc:1)
  Polyphemus (Shoals:3)
  Donald (Shoals:1)
  An orc warlord (Orc:2)
  Louise (D:14)
  The ghost of Zenkrye the Grappler, a journeyman OgTm of the Shining One (Lair:2)
  7 merfolk impalers
  9 hydras
  A merfolk avatar (Shoals:2)
  Fannar (D:10)
  5 catoblepae
  6 boulder beetles
  A death knight (D:12)
  A centaur warrior (D:14)
  A satyr (Shoals:3)
  4 two-headed ogres
  A tengu warrior (D:14)
  7 orc high priests (Orc:2)
  10 death yaks
  Nergalle (Orc:1)
  2 sun demons (Shoals:2)
  Sonja (Lair:4)
  A shadow wraith (D:14)
  A bog body (IceCv)
  5 sea snakes
  2 lindwurms
  3 deep elf pyromancers
  3 orc knights
  2 wizards (D:14)
  2 necromancers
  16 harpies
  An orc sorcerer (D:15)
  12 ugly things
  11 fauns
  7 cyclopes
  5 elephants (Lair:5)
  8 black mambas
  3 merfolk sirens
  8 manticores
  2 ice statues (IceCv)
  A guardian serpent (shapeshifter) (D:14)
  5 water nymphs (Shoals:2)
  Joseph (D:9)
  A torpor snail (Lair:3)
  A naga mage (D:15)
  2 gargoyles
  10 cane toads
  An unseen horror (D:13)
  3 kobold demonologists
  4 rime drakes
  12 komodo dragons
  2 tengu conjurers (D:14)
  An anaconda simulacrum (IceCv)
  An efreet (D:14)
  7 ice devils (IceCv)
  3 entropy weaver simulacra (IceCv)
  6 meliai (D:15)
  A polar bear (shapeshifter) (D:15)
  10 trolls
  13 merfolk
  A polar bear (Lair:4)
  2 jumping spiders (D:8)
  Prince Ribbit (D:7)
  16 blink frogs
  5 wind drakes
  6 slime creatures (D:14)
  4 snapping turtles
  A redback (D:8)
  17 dream sheep
  A centaur simulacrum (D:15)
  A shadow (D:10)
  A vampire (D:9)
  A dire elephant simulacrum (IceCv)
  6 water elementals
  A fire elemental (D:10)
  A spriggan (Lair:6)
  7 basilisks
  47 yaks
  8 wyverns
  Eustachio (D:5)
  Grum (D:9)
  A steam dragon (D:8)
  5 vampire mosquitoes
  Edmund (D:6)
  10 wargs
  5 harpy simulacra (IceCv)
  7 nagas (Lair:2)
  4 acid dragons
  23 water moccasins
  16 orc warriors
  A black bear (shapeshifter) (D:14)
  A hornet zombie (D:9)
  2 ice beasts
  A black bear (Lair:2)
  12 ogres
  2 necrophages
  15 wolves
  2 phantoms
  16 centaurs
  5 kobold brigands
  Blork the orc (D:4)
  14 bullfrogs
  4 scorpions
  An earth elemental (D:10)
  A cane toad simulacrum (IceCv)
  A two-headed ogre simulacrum (IceCv)
  An elephant simulacrum (IceCv)
  4 wights (D:6)
  An electric eel (D:15)
  A howler monkey (D:10)
  3 lava snakes (D:8)
  The ghost of pokeman the Magician, a weakling DEWz (D:3)
  2 centaur zombies
  3 jellies
  33 orc priests
  4 hounds
  A bullfrog skeleton (D:4)
  3 centaur skeletons
  2 gnoll shamans (D:13)
  An iguana (D:5)
  18 orc wizards
  A spriggan simulacrum (IceCv)
  4 adders
  13 gnolls
  2 shadow imps
  A white imp (IceCv)
  An adder skeleton (D:3)
  4 worms
  3 dart slugs
  79 orcs
  6 ball pythons
  9 endoplasms
  5 giant cockroaches
  8 hobgoblins
  7 jackals
  4 quokkas
  10 bats
  4 frilled lizards
  7 goblins
  10 kobolds
  6 rats
  A spectral orc (D:15)
  4 bushes (Lair:6)
  3 butterflies
791 creatures vanquished.

Vanquished Creatures (others)
  A wizard (D:5)
  An air elemental (D:10)
  A water elemental (D:10)
  A scorpion (D:7)
  28 fungi
  109 plants
141 creatures vanquished.

Grand Total: 932 creatures vanquished

Notes
Turn   | Place    | Note
-------+----------+-------------------------------------------
     0 | D:1      | jasper the Demonspawn Venom Mage began the quest for the
                  | Orb.
     0 | D:1      | Reached XP level 1. HP: 13/13 MP: 3/3
   360 | D:1      | Gained mutation: You regenerate a little health from kills.
                  | [demonic ancestry]
   360 | D:1      | Reached XP level 2. HP: 16/19 MP: 0/5
  1112 | D:2      | Gained mutation: When seriously injured, your bleeding
                  | wounds create armour. (AC +0) [demonic ancestry]
  1112 | D:2      | Reached XP level 3. HP: 16/24 MP: 1/6
  1116 | D:2      | Learned a level 3 spell: Mephitic Cloud
  2383 | D:3      | Reached skill level 5 in Poison Magic
  2383 | D:3      | Reached XP level 4. HP: 20/30 MP: 1/7
  2790 | D:3      | Found a faded altar of an unknown god.
  3113 | D:3      | Found a runed translucent door.
  3115 | D:3      | Noticed pokeman's ghost (weakling DEWz)
  3447 | D:4      | Noticed a phantom
  3527 | D:4      | Noticed an ogre
  3707 | D:4      | Killed an ogre
  3708 | D:4      | Gained mutation: When seriously injured, your bleeding
                  | wounds create thick armour. (AC +0) [demonic ancestry]
  3708 | D:4      | Reached XP level 5. HP: 20/35 MP: 4/8
  3713 | D:4      | Learned a level 4 spell: Olgreb's Toxic Radiance
  3851 | D:4      | Noticed an ogre
  3868 | D:4      | Killed an ogre
  3869 | D:4      | Reached XP level 6. HP: 41/41 MP: 3/9
  4053 | D:4      | Reached skill level 1 in Conjurations
  4053 | D:4      | Reached skill level 1 in Air Magic
  4053 | D:4      | Reached XP level 7. HP: 37/46 MP: 5/10
  4475 | D:4      | Noticed Blork the orc
  4496 | D:4      | Killed Blork the orc
  4497 | D:4      | Reached skill level 2 in Conjurations
  5193 | D:5      | Entered Level 5 of the Dungeon
  5321 | D:5      | Reached skill level 1 in Evocations
  5494 | D:5      | Reached skill level 1 in Fighting
  5504 | D:5      | Noticed Eustachio
  5509 | D:5      | Gained mutation: When seriously injured, your bleeding
                  | wounds create very thick armour. (AC +0) [demonic ancestry]
  5509 | D:5      | Reached XP level 8. HP: 45/56 MP: 0/12
  5597 | D:5      | Killed Eustachio
  5943 | D:4      | Found a burning altar of Makhleb.
  5943 | D:4      | Found an opulent altar of Gozag.
  5958 | D:4      | Identified a scroll of acquirement
  5958 | D:4      | Acquired the +2 lajatang of the Egg {pain, rPois rC+ rN+
                  | SInv}
  5990 | D:5      | Found a snail-covered altar of Cheibriados.
  6154 | D:5      | Found a bloodstained altar of Trog.
  6156 | D:5      | Noticed a wizard
  6161 | D:5      | Killed a wizard
  6485 | D:5      | Reached skill level 1 in Staves
  6547 | D:5      | Found a staircase to the Ecumenical Temple.
  6566 | D:5      | Learned a level 1 spell: Animate Skeleton
  6569 | Temple   | Entered the Ecumenical Temple
  7077 | D:6      | Reached skill level 1 in Necromancy
  7237 | D:6      | Noticed Edmund
  7253 | D:6      | Killed Edmund
  7854 | D:6      | Reached XP level 9. HP: 54/64 MP: 14/14
  8407 | D:7      | Noticed Prince Ribbit
  8435 | D:7      | Killed Prince Ribbit
  8974 | D:7      | Found a shimmering altar of Xom.
  9110 | D:8      | Noticed a two-headed ogre
  9124 | D:8      | Killed a two-headed ogre
  9258 | D:8      | Found a runed translucent door.
  9260 | D:8      | Noticed a jumping spider
  9633 | D:8      | Learned a level 4 spell: Sticky Flame
  9638 | D:8      | Learned a level 4 spell: Dispel Undead
  9749 | D:8      | Gained mutation: You regenerate health from kills. [demonic
                  | ancestry]
  9749 | D:8      | Reached XP level 10. HP: 71/73 MP: 17/17
  9819 | D:8      | Reached skill level 1 in Fire Magic
  9848 | D:8      | Found a radiant altar of Vehumet.
  9861 | D:8      | Became a worshipper of Vehumet
 10273 | D:8      | Reached skill level 3 in Conjurations
 10325 | D:8      | Found a runed translucent gate.
 10325 | D:8      | Found a runed translucent gate.
 10325 | D:8      | Found a runed translucent gate.
 10325 | D:8      | Found a runed translucent gate.
 10325 | D:8      | Found a runed translucent gate.
 10325 | D:8      | Found a runed translucent gate.
 10325 | D:8      | Noticed a boulder beetle
 10325 | D:8      | Noticed a lindwurm
 10414 | D:9      | Found a staircase to the Lair.
 10485 | D:9      | Found a stormy altar of Qazlal.
 10609 | D:9      | Noticed Joseph
 10624 | D:9      | Killed Joseph
 10625 | D:9      | Reached skill level 4 in Conjurations
 10741 | D:9      | Found a sparkling altar of Nemelex Xobeh.
 10943 | D:9      | Noticed Grum
 10954 | D:9      | Killed Grum
 11136 | D:9      | Reached skill level 5 in Necromancy
 11142 | D:9      | Reached skill level 5 in Conjurations
 11355 | D:9      | Noticed a gargoyle
 11357 | D:9      | Killed a gargoyle
 11518 | D:10     | Entered Level 10 of the Dungeon
 11551 | D:10     | Noticed Fannar
 11557 | D:10     | Killed Fannar
 12209 | D:10     | Found a large runed translucent door.
 12210 | D:10     | Found a large runed translucent door.
 12271 | D:10     | Found a shimmering blue altar of Sif Muna.
 12292 | D:10     | Noticed a cyclops
 12304 | D:10     | Killed a cyclops
 12305 | D:10     | Gained mutation: You are partially covered in sharp spines.
                  | [demonic ancestry]
 12305 | D:10     | Reached XP level 11. HP: 75/78 MP: 8/18
 12423 | D:10     | Found Vuseff's Armour Boutique.
 12521 | D:10     | Found a staircase to the Orcish Mines.
 12522 | D:10     | Found Utar's Weapon Boutique.
 12526 | D:10     | Reached * piety under Vehumet
 12526 | D:10     | Offered knowledge of Freeze by Vehumet.
 12530 | D:10     | Bought a +1 pair of gloves of dexterity for 198 gold pieces
 12530 | D:10     | Bought a +0 pair of boots for 54 gold pieces
 12863 | D:11     | Found a frozen archway.
 12964 | IceCv    | Entered an ice cave
 12974 | IceCv    | Reached skill level 6 in Conjurations
 12981 | IceCv    | Reached skill level 5 in Fire Magic
 13321 | IceCv    | Reached skill level 7 in Conjurations
 13522 | IceCv    | Reached skill level 8 in Conjurations
 13687 | IceCv    | Reached skill level 9 in Conjurations
 13733 | IceCv    | Noticed a bog body
 13733 | IceCv    | Noticed a necromancer
 13738 | IceCv    | Killed a bog body
 13741 | IceCv    | Killed a necromancer
 13937 | IceCv    | Reached skill level 5 in Spellcasting
 13937 | IceCv    | Reached skill level 10 in Conjurations
 14767 | D:11     | Reached ** piety under Vehumet
 14768 | D:11     | Reached XP level 12. HP: 85/85 MP: 0/22
 14775 | D:11     | Learned a level 6 spell: Iron Shot
 15111 | Lair:1   | Entered Level 1 of the Lair of Beasts
 15128 | Lair:1   | Offered knowledge of Scorch by Vehumet.
 15136 | Lair:1   | Reached skill level 1 in Earth Magic
 15438 | Lair:1   | Noticed a five-headed hydra
 15444 | Lair:1   | Killed a five-headed hydra
 15452 | Lair:1   | Noticed a six-headed hydra
 15466 | Lair:1   | Killed a six-headed hydra
 15640 | Lair:1   | Reached skill level 11 in Conjurations
 16232 | Lair:2   | Noticed a boulder beetle
 16250 | Lair:2   | Offered knowledge of Inner Flame by Vehumet.
 16255 | Lair:2   | Killed a boulder beetle
 16256 | Lair:2   | Reached skill level 5 in Earth Magic
 16493 | Lair:2   | Reached *** piety under Vehumet
 16680 | Lair:2   | Noticed a four-headed hydra
 16689 | Lair:2   | Killed a five-headed hydra
 16843 | Lair:2   | Found a staircase to the Snake Pit.
 16916 | Lair:2   | Noticed a five-headed hydra
 16918 | Lair:2   | Killed a five-headed hydra
 17297 | Lair:2   | Offered knowledge of Hailstorm by Vehumet.
 17298 | Lair:2   | Gained mutation: You are mostly covered in sharp spines.
                  | [demonic ancestry]
 17298 | Lair:2   | Reached XP level 13. HP: 90/90 MP: 16/24
 17453 | Lair:2   | Found a large runed translucent door.
 17454 | Lair:2   | Found a large runed translucent door.
 17627 | Lair:2   | Noticed Zenkrye's ghost (journeyman OgTm)
 17641 | Lair:2   | Killed Zenkrye's ghost
 17781 | Lair:3   | Reached skill level 5 in Fighting
 17781 | Lair:3   | Reached skill level 5 in Dodging
 18130 | Lair:3   | Learned a level 6 spell: Starburst
 18469 | Lair:3   | Reached **** piety under Vehumet
 18627 | Lair:3   | Offered knowledge of Yara's Violent Unravelling by Vehumet.
 19043 | Lair:3   | Reached skill level 12 in Conjurations
 19335 | Lair:4   | Noticed Sonja
 19337 | Lair:4   | Killed Sonja
 19568 | Lair:4   | Found a staircase to the Shoals.
 19791 | Lair:4   | Noticed Rupert
 20022 | Orc:1    | Entered Level 1 of the Orcish Mines
 20346 | Orc:1    | Found an iron altar of Okawaru.
 20488 | Orc:2    | Entered Level 2 of the Orcish Mines
 20635 | Orc:2    | Reached ***** piety under Vehumet
 21217 | Orc:2    | Found a staircase to the Elven Halls.
 21234 | Orc:2    | Offered knowledge of Orb of Destruction by Vehumet.
 21249 | Orc:2    | Learned a level 7 spell: Orb of Destruction
 21819 | Orc:2    | Found Dealas's Armour Boutique.
 21819 | Orc:2    | Found Diuf's Antique Armour Emporium.
 21835 | Orc:2    | Bought a pair of dazzling gloves for 275 gold pieces
 21835 | Orc:2    | Identified the +1 pair of gloves of Beyond {rPois rCorr
                  | SInv} (You bought it in a shop on level 2 of the Orcish
                  | Mines)
 21902 | Orc:2    | Found Xusmogue's Antique Weapon Boutique.
 21934 | Orc:2    | Found Paezerof's Antique Weapon Emporium.
 22374 | Orc:2    | Noticed an orc warlord
 22383 | Orc:2    | Killed an orc warlord
 22590 | Orc:1    | Noticed Nergalle
 22595 | Orc:1    | Killed Nergalle
 22596 | Orc:1    | Noticed Jorgrun
 22601 | Orc:1    | Killed Jorgrun
 22602 | Orc:1    | Gained mutation: Your touch may inflict minor irresistible
                  | damage on your foes. [demonic ancestry]
 22602 | Orc:1    | Reached XP level 14. HP: 101/101 MP: 11/26
 22989 | Lair:5   | Found a staircase to the Slime Pits.
 22989 | Lair:5   | Found a viscous altar of Jiyva.
 24190 | Slime:1  | Entered Level 1 of the Pits of Slime
 24199 | Slime:1  | Gained mutation: You tend to lose your temper in combat. [a
                  | shining eye]
 24233 | Lair:5   | Gained mutation: Your magical capacity is low. (-10% MP)
                  | [potion of mutation]
 24233 | Lair:5   | Gained mutation: You have supernaturally acute eyesight.
                  | (SInv) [potion of mutation]
 24233 | Lair:5   | Gained mutation: A frigid envelope surrounds you and
                  | freezes all who hurt you. [potion of mutation]
 24233 | Lair:5   | Gained mutation: You have a beak for a mouth. [potion of
                  | mutation]
 24234 | Lair:5   | Lost mutation: A frigid envelope surrounds you and freezes
                  | all who hurt you. [potion of mutation]
 24234 | Lair:5   | Lost mutation: You have supernaturally acute eyesight.
                  | (SInv) [potion of mutation]
 24234 | Lair:5   | Gained mutation: Your natural rate of healing is unusually
                  | fast. [potion of mutation]
 24253 | Lair:6   | Entered Level 6 of the Lair of Beasts
 24348 | Lair:6   | Reached skill level 10 in Fire Magic
 24789 | Lair:6   | Offered knowledge of Ozocubu's Refrigeration by Vehumet.
 25110 | Lair:6   | Reached skill level 13 in Conjurations
 26767 | D:3      | Killed pokeman's ghost
 27475 | D:12     | Gained mutation: You are completely covered in sharp
                  | spines. [demonic ancestry]
 27475 | D:12     | Reached XP level 15. HP: 89/110 MP: 10/25
 28187 | D:12     | Found a blossoming altar of Fedhas.
 28745 | D:13     | Found a broken altar of Ashenzari.
 28916 | D:13     | Found Xipn's Armour Shop.
 29064 | D:13     | Reached ****** piety under Vehumet
 29064 | D:13     | Offered knowledge of Eringya's Noxious Bog by Vehumet.
 29750 | D:14     | Reached skill level 10 in Spellcasting
 29939 | D:14     | Found Jogid's Weapon Boutique.
 29941 | D:14     | You fall into a shaft and drop 1 floor!
 29941 | D:15     | Entered Level 15 of the Dungeon
 30093 | D:14     | Identified the +1 robe "Danyza" {SInv}
 30260 | D:14     | Identified the ring "Casyat" {rPois rC- Str+4 SInv}
 30263 | D:14     | Noticed Louise
 30270 | D:14     | Killed Louise
 30646 | D:14     | Found a gate to the Vaults.
 31543 | D:15     | Found a basalt altar of Yredelemnul.
 31866 | D:15     | Offered knowledge of Freezing Cloud by Vehumet.
 31890 | D:15     | Reached skill level 14 in Conjurations
 32007 | D:15     | Found a staircase to the Depths.
 32656 | Shoals:1 | Entered Level 1 of the Shoals
 33093 | Shoals:1 | Found Pafouph's Jewellery Boutique.
 33101 | Shoals:1 | Bought an amulet of magic regeneration for 480 gold pieces
 33119 | Shoals:1 | Found a bloodstained altar of Trog.
 33181 | Shoals:1 | Noticed Donald
 33189 | Shoals:1 | Killed Donald
 33509 | Shoals:2 | Reached skill level 10 in Fighting
 33509 | Shoals:2 | Reached skill level 1 in Shields
 33563 | Shoals:2 | Reached XP level 16. HP: 122/122 MP: 7/27
 34599 | Shoals:2 | Reached skill level 5 in Shields
 35914 | Shoals:3 | Noticed Polyphemus
 35978 | Shoals:3 | Killed Polyphemus
 36291 | Shoals:3 | Found Bitivup's Magic Scroll Emporium.
 36302 | Shoals:3 | Bought a scroll of blinking for 105 gold pieces
 36302 | Shoals:3 | Bought a scroll of identify for 28 gold pieces
 36302 | Shoals:3 | Bought a scroll of blinking for 105 gold pieces
 36302 | Shoals:3 | Bought a scroll of fear for 49 gold pieces
 36302 | Shoals:3 | Bought a scroll of teleportation for 42 gold pieces
 36302 | Shoals:3 | Bought a scroll of teleportation for 42 gold pieces
 36351 | Shoals:3 | Found a runed translucent door.
 36353 | Shoals:3 | Found a shimmering altar of Xom.
 36353 | Shoals:3 | Noticed Glennnyy's ghost (adept GrFi)
 36354 | Shoals:3 | Found Vicahic's Distillery.
 36615 | Shoals:3 | Identified the +0 steam dragon scales "Xiron" {*Slow Regen+
                  | Int+5 Slay+5}
 36862 | Shoals:3 | Noticed Nikola
 36875 | Shoals:3 | Killed from afar by Nikola

Illustrated notes

Levels and vault maps discovered:
D:1:      eino_arrival_tree_alley, layout_rooms
D:2:      layout_loops_corners
D:3:      layout_loops_ring, hellmonk_ecumenical_altar_run_dry,
          ebering_ghost_inner_flame
D:4:      layout_rooms, nicolae_overflow_hidden_temple, gup_sewer_entry_spiral,
          minmay_quadrilaterals, uniq_blork_the_orc
D:5:      layout_basic, cheibrodos_worm_habitat, trog_wizard,
          minmay_temple_entry_offerings, uniq_eustachio
D:6:      layout_cave_pods, elyvilon_altar_1, serial_bayou_pond_a, uniq_edmund
D:7:      layout_cave_pools, mainiacjoe_overflow_alcove_4,
          hangedman_decor_riveting, uniq_prince_ribbit1
D:8:      gammafunk_indiana_jones, layout_basic, fiery_altar_vehumet
D:9:      layout_loops_ring, nemelex_diamond_rough_becter, grunt_qazlal_clouds,
          lair_entry_dummy, kennysheep_small_square, uniq_joseph, uniq_grum
D:10:     layout_cross, lemuel_blue_sif_altar, tso_altar, orc_david_3,
          nicolae_wwwww, lightli_elemental_guards, uniq_fannar
D:11:     layout_irregular_city, portal_ice_cave_rime
D:12:     layout_rooms, fedhas_altar_1
D:13:     kennysheep_seaside_town, layout_small_grid, serial_shops,
          nicolae_shop_statue_plus, evilmike_ruin_ashenzari
D:14:     layout_irregular_city, david_vaults_4, serial_shops,
          nicolae_shop_stone, uniq_louise
D:15:     grunt_enter_depths_magical_seal, layout_rooms, chequers_big_river,
          dk_noncrumbling_3, serial_bayou_pond_a, minmay_misc_feat_x,
          yredelemnul_forgotten_temple_becter
Temple:   pf_slime_end_temple
Lair:1:   layout_roguey, grunt_megastairs_1
Lair:2:   layout_roguey, minmay_snake_entry_guardpost_large,
          ebering_ghost_disaster_area, lemuel_fruit_fields
Lair:3:   layout_hall_layers, infiniplex_staircase_pool_2, grunt_megastairs_5,
          lemuel_fruit_fields, lemuel_fruit_fields
Lair:4:   layout_hall_layers, minmay_shoals_entry_centaurs, uniq_rupert,
          uniq_sonja
Lair:5:   layout_loops_ring, slime_altar_1, cheibrodos_lair_caveside_slide
Lair:6:   evilmike_catoblepas_cave, layout_regular_city,
          grunt_forest_large_clearing_hut
Shoals:1: layout_shoals, serial_shops, shop, lemuel_altar_in_water, uniq_donald
Shoals:2: layout_shoals, overgrown_tower, nicolae_shoals_sun_and_surf
Shoals:3: layout_shoals, ebering_ghost_xom, nicolae_take_the_stairs,
          nicolae_stop_n_shop_2, uniq_nikola, uniq_polyphemus
Slime:1:  layout_caves, basic_altar
Orc:1:    layout_caves, okawaru_metal_pillars_1_2, uniq_nergalle, uniq_jorgrun
Orc:2:    st_orc_town, layout_caves, minmay_orc_barracks

Skill      XL: |  1  2  3  4  5  6  7  8  9 10 11 12 13 14 15 16 |
---------------+-------------------------------------------------+-----
Poison Magic   | 4 5 6 7 8 |  8.0
Conjurations   | 1 2 5 10 11 12 13 14 | 14.0
Air Magic      | 1 2 |  2.0
Dodging        | 2 3 4 6 7 9 |  9.1
Evocations     | 2 3 4 |  4.8
Fighting       | 1 3 4 6 8 10 | 10.0
Spellcasting   | 3 4 6 7 8 9 10 | 10.2
Staves         | 2 4 |  4.8
Necromancy     | 1 2 7 |  7.1
Fire Magic     | 4 5 7 9 11 12 | 12.6
Earth Magic    | 5 |  5.0
Shields        | 1 9 |  9.1
Stealth        | |  1.7
Transmutations | |  0.8

Action                   |  1- 3 |  4- 6 |  7- 9 | 10-12 | 13-15 | 16-18 || total
-------------------------+-------+-------+-------+-------+-------+-------++-------
Melee: Dagger            |    23 |    13 |    22 |       |       |       ||    58
       Mace              |     4 |       |       |       |       |       ||     4
       Unarmed           |     2 |       |       |       |       |       ||     2
       Short sword       |     6 |    11 |       |       |       |       ||    17
       Dire flail        |       |       |    27 |       |       |       ||    27
       Lajatang          |       |       |    81 |   198 |   148 |       ||   427
       Staff             |       |       |       |     7 |    27 |    11 ||    45
       Peck              |       |       |       |       |    17 |     3 ||    20
       Touch             |       |       |       |       |     1 |       ||     1
Throw: Stone             |    21 |     9 |       |       |       |       ||    30
       Boomerang         |       |    15 |     1 |     1 |     1 |       ||    18
 Cast: Sting             |   105 |    42 |    22 |     3 |       |       ||   172
       Olgreb's Toxic Ra |       |     4 |    58 |    87 |    58 |     4 ||   211
       Mephitic Cloud    |       |       |     1 |     8 |     5 |       ||    14
       Sticky Flame      |       |       |       |    52 |     2 |       ||    54
       Dispel Undead     |       |       |       |    10 |       |       ||    10
       Iron Shot         |       |       |       |     8 |    28 |       ||    36
       Starburst         |       |       |       |       |   159 |    34 ||   193
       Orb of Destructio |       |       |       |       |   107 |    65 ||   172
Evoke: Wand              |       |    10 |    28 |    29 |       |       ||    67
       Condenser vane    |       |       |       |     1 |     3 |       ||     4
  Use: Scroll            |     3 |       |     8 |    10 |    11 |     4 ||    36
       Potion            |       |       |     1 |     2 |     2 |       ||     5
 Stab: Sleeping          |     1 |       |       |       |     2 |       ||     3
       Confused          |       |       |       |     1 |       |       ||     1
Armor: Robe              |    19 |    20 |    36 |   112 |   114 |    20 ||   321
       Skin              |       |       |    11 |       |       |       ||    11
       Steam dragon scal |       |       |       |       |       |     1 ||     1
Dodge: Dodged            |    44 |    29 |    89 |   218 |   207 |    33 ||   620
Block: Kite shield       |       |       |       |       |       |     6 ||     6
       Buckler           |       |       |       |       |       |     5 ||     5
       Reflection        |       |       |       |       |       |     2 ||     2

Table legend: (Time is in decaauts)
 A = Elapsed time spent in this place.
 B = Non-inter-level travel time spent in this place.
 C = Inter-level travel time spent in this place.
 D = Time resting spent in this place.
 E = Time spent auto-exploring this place.
 F = Levels seen in this place.
 G = Mean time per level.
                   A        B        C        D        E       F      G
               +--------+--------+--------+--------+--------+-----+--------+
         Total |  37305 |  35078 |   2227 |   5159 |  24596 |  29 | 1286.4 |
       Dungeon |  20133 |  18724 |   1409 |   1876 |  13929 |  15 | 1342.2 |
        Temple |    154 |    135 |     19 |      0 |    123 |   1 |  154.0 |
          Lair |   8661 |   8198 |    463 |    798 |   6294 |   6 | 1443.5 |
        Shoals |   4442 |   4255 |    187 |   1589 |   1987 |   3 | 1480.7 |
    Slime Pits |      9 |      9 |      0 |      6 |      0 |   1 |    9.0 |
  Orcish Mines |   2734 |   2586 |    148 |    712 |   1498 |   2 | 1367.0 |
      Ice Cave |   1169 |   1169 |      0 |    178 |    764 |   1 | 1169.0 |
               +--------+--------+--------+--------+--------+-----+--------+

Top non-repeatable levels by time:
  Lair:6: 2243 daAuts
Shoals:2: 2050 daAuts
   Orc:2: 2023 daAuts
     D:4: 2006 daAuts
  Lair:3: 1729 daAuts
    D:13: 1714 daAuts
  Lair:2: 1567 daAuts
    D:14: 1542 daAuts
     D:6: 1537 daAuts
     D:8: 1485 daAuts
     D:5: 1431 daAuts
     D:3: 1428 daAuts
     D:9: 1419 daAuts
    D:10: 1416 daAuts
  Lair:5: 1350 daAuts
